 Dungeon Crawl Stone Soup version 0.23-a0-398-g8eab93fbe2 (webtiles) character file.

4 Junicave the Thaumaturge (level 1, -4/13 HPs)
             Began as a Gnoll Wanderer on Nov 3, 2018.
             Slain by a hobgoblin
             ... wielding a +0 spear
              (8 damage)
             ... on level 1 of the Dungeon.
             The game lasted 00:02:36 (249 turns).

Junicave the Thaumaturge (Gnoll Wanderer)            Turns: 249, Time: 00:02:36

Health: -4/13      AC:  2    Str: 10    XL:     1   Next: 60%
Magic:  10/10      EV: 11    Int: 17    God:
Gold:   0          SH:  0    Dex: 15    Spells: 18/18 levels left

rFire    . . .     SeeInvis .   e - +0 dagger
rCold    . . .     Gourm    .   (no shield)
rNeg     . . .     Faith    .   d - +0 robe
rPois    .         Spirit   .   (no helmet)
rElec    .         Reflect  .   (no cloak)
rCorr    .         Harm     .   (no gloves)
MR       .....                  (no boots)
Stlth    +.........             (no amulet)
HPRegen  0.04/turn              (no ring)
MPRegen  0.12/turn              (no ring)

@: no status effects
A: distributed training, fangs 1, strong nose
a: no special abilities


You were on level 1 of the Dungeon.
You were not hungry.

You visited 1 branch of the dungeon, and saw 1 of its levels.

Inventory:

Hand Weapons
 e - a +0 dagger (weapon)
 g - a +0 dagger
Missiles
 a - 17 bolts
Armour
 d - a +0 robe (worn)
Potions
 b - a potion of mutation {unknown}
Comestibles
 c - 3 chunks of flesh
 f - a ration


   Skills:
 + Level 0.0 Fighting
 + Level 0.0 Short Blades
 + Level 0.0 Long Blades
 + Level 0.0 Axes
 + Level 0.0 Maces & Flails
 + Level 0.0 Polearms
 + Level 0.0 Staves
 + Level 0.0 Slings
 + Level 0.0 Bows
 + Level 0.0 Crossbows
 + Level 0.0 Throwing
 + Level 0.0 Armour
 + Level 0.0 Dodging
 + Level 0.0 Stealth
 + Level 0.0 Shields
 + Level 0.0 Unarmed Combat
 + Level 9.2 Spellcasting
 + Level 0.0 Conjurations
 + Level 0.0 Hexes
 + Level 1.9 Charms
 + Level 0.0 Summonings
 + Level 0.0 Necromancy
 + Level 0.0 Translocations
 + Level 0.0 Transmutations
 + Level 1.9 Fire Magic
 + Level 0.0 Ice Magic
 + Level 0.0 Air Magic
 + Level 3.6 Earth Magic
 + Level 0.0 Poison Magic
 + Level 0.1 Invocations
 + Level 4.4 Evocations


You had 18 spell levels left.
You didn't know any spells.
Your spell library contained the following spells:

 Spells                   Type           Power        Failure   Level  Hunger
 Sandblast                Erth           ###...       1%          1    None
 Infusion                 Chrm           ##..         4%          1    None
 Flame Tongue             Conj/Fire      ##...        6%          1    None
 Throw Flame              Conj/Fire      ##....       10%         2    None
 Stone Arrow              Conj/Erth      ##....       13%         3    None
 Conjure Flame            Conj/Fire      ##......     19%         3    None
 Inner Flame              Hex/Fire       ##......     19%         3    None
 Regeneration             Chrm/Necr      ##........   19%         3    None
 Sticky Flame             Conj/Fire      ##......     52%         4    ###....
 Fireball                 Conj/Fire      ##........   86%         5    #####..


Dungeon Overview and Level Annotations

Branches:
Dungeon (1/15)

Altars:


Innate Abilities, Weirdness & Mutations

Your experience applies equally to all skills.
You have very sharp teeth.
Your uncanny sense of smell can sniff out nearby items.


Message History

The hobgoblin hits you with a +0 spear.
You barely miss the hobgoblin.
The hobgoblin is moderately wounded.
The hobgoblin barely misses you.
You barely miss the hobgoblin.
The hobgoblin is moderately wounded.
The hobgoblin closely misses you.
You hit the hobgoblin.
You bite the hobgoblin, but do no damage.
The hobgoblin is heavily wounded.
The hobgoblin hits you with a +0 spear.
* * * LOW HITPOINT WARNING * * *
You closely miss the hobgoblin.
The hobgoblin is heavily wounded.
The hobgoblin hits you but does no damage.
You hit the hobgoblin but do no damage.
The hobgoblin is heavily wounded.
The hobgoblin hits you with a +0 spear!
Ouch! That really hurt!
You die...

...........#
...#.#####.### .. #.
#...# . l ###.## #
#..##########.
####.†.......... ∆
#....##.......##
#.#######.#########...#.
#.....@g.# #.......#.
.....###########.####..#.
..# ###.....# #..##
######...##### #....
#......##### #....
.......>....# #....
##.########.#######... #
#........... ############


You could see a hobgoblin.

Vanquished Creatures
  A giant cockroach (D:1)
  A kobold (D:1)
  A frilled lizard (D:1)
  A rat (D:1)
4 creatures vanquished.

Notes
Turn   | Place    | Note
-------+----------+-------------------------------------------
     0 | D:1      | Reached skill level 9 in Spellcasting
     0 | D:1      | Junicave the Gnoll Wanderer began the quest for the Orb.
     0 | D:1      | Junicave set off with the following items: a +0 robe, a +0
                  | dagger, a ration; and the following spells available to
                  | memorise: Sandblast, Infusion, Flame Tongue, Throw Flame,
                  | Stone Arrow, Conjure Flame, Inner Flame, Regeneration,
                  | Sticky Flame, Fireball
     0 | D:1      | Reached XP level 1. HP: 13/13 MP: 10/10
   249 | D:1      | Slain by a hobgoblin

Vault maps used:
D:1:      minmay_arrival_glassed_features, minmay_tiny_reverse_x

Skill      XL: | |
---------------+-+-----
Spellcasting   | |  9.2
Charms         | |  1.9
Fire Magic     | |  1.9
Earth Magic    | |  3.6
Invocations    | |  0.1
Evocations     | |  4.4

Action                   || total
-------------------------++-------
Melee: Dagger            ||    22
       Bite              ||     1
 Stab: Sleeping          ||     1
Armor: Robe              ||     3
Dodge: Dodged            ||     7

Table legend:
 A = Non-vault XP
 B = Vault XP
 C = Vault XP percentage of total XP
 D = Non-vault monster count
 E = Vault monster count
 F = Vault count percentage of total count
                 A         B        C        D         E       F
            +---------+---------+-------+---------+---------+-------
      Total |       4 |       2 |  33.3 |       3 |       1 |  25.0
            +---------+---------+-------+---------+---------+-------
        D:1 |       4 |       2 |  33.3 |       3 |       1 |  25.0
            +---------+---------+-------+---------+---------+-------
